 Dungeon Crawl Stone Soup version 0.25.1-2-g60ff931df9 (webtiles) character file.

Game seed: 14786406709608191935

134 Delamore the Cudgeler (level 5, 0/32 HPs)
             Began as a Gargoyle Fighter on Aug 2, 2020.
             Was an Initiate of Okawaru.
             Slain by an orc wizard
             ... wielding a +0 dagger
              (2 damage)
             ... on level 3 of the Dungeon.
             The game lasted 00:04:55 (2697 turns).

Delamore the Cudgeler (Gargoyle Fighter)            Turns: 2697, Time: 00:04:55

Health: 0/32       AC: 10    Str: 20    XL:     5   Next: 17%
Magic:  5/5        EV:  7    Int:  9    God:    Okawaru [......]
Gold:   166        SH:  9    Dex:  9    Spells: 4/4 levels left

rFire    . . .     SeeInvis .   a - +0 flail
rCold    . . .     Gourm    .   c - +0 kite shield
rNeg     + . .     Faith    .   b - +0 scale mail
rPois    ∞         Spirit   .   (no helmet)
rElec    +         Reflect  .   (no cloak)
rCorr    .         Harm     .   (no gloves)
MR       .....                  (no boots)
Stlth    ..........             (no amulet)
HPRegen  0.10/turn              (no ring)
MPRegen  0.09/turn              (no ring)

@: stab
A: negative energy resistance 1, electricity resistance, unbreathing,
petrification resistance, rot immunity, AC +4
a: Renounce Religion


You were on level 3 of the Dungeon.
You worshipped Okawaru.
Okawaru was noncommittal.
You were not hungry.

You visited 1 branch of the dungeon, and saw 4 of its levels.

You collected 166 gold pieces.

Inventory:

Hand Weapons
 a - a +0 flail (weapon)
Armour
 b - a +0 scale mail (worn)
 c - a +0 kite shield (worn)
Wands
 q - a wand of enslavement (6)
 t - a wand of acid (7)
Scrolls
 h - 3 scrolls of amnesia {unknown}
 i - 2 scrolls of remove curse {unknown}
 j - 3 scrolls of fear {unknown}
 k - 5 scrolls of identify {unknown}
 l - a scroll of random uselessness {unknown}
 m - 5 scrolls of teleportation {unknown}
 n - a scroll of immolation {unknown}
Potions
 d - a potion of might
 e - 4 potions of stabbing
 g - a potion of brilliance {unknown}
 o - a potion of cancellation {unknown}
 p - a potion of flight {unknown}
 r - a potion of curing
Comestibles
 f - 3 rations
 s - 2 chunks of flesh


   Skills:
 - Level 3.2 Fighting
 + Level 5.2 Maces & Flails
 - Level 3.2 Armour
 - Level 3.2 Shields


You had 4 spell levels left.
You didn't know any spells.
Your spell library was empty.

Dungeon Overview and Level Annotations

Branches:
Dungeon (4/15)
 Temple: D:4-7

Altars:
Okawaru
Zin


Innate Abilities, Weirdness & Mutations

You are resistant to torment.
Your stone body is resilient. (AC +4)
You are immune to poison.
You resist negative energy. (rN+)
You are resistant to electric shocks. (rElec)
You can survive without breathing.
You are immune to petrification.
You are immune to rotting.


Message History

You closely miss the orc wizard.
The orc wizard is lightly wounded.
The orc wizard closely misses you.
The orc wizard hits you but does no damage.
You thump the orc wizard!
The orc wizard is heavily wounded.
You block the orc wizard's attack. The orc wizard barely misses you.
Your shield prevents you from hitting the orc wizard.
The orc wizard is heavily wounded.
The orc wizard casts a spell at you. The puff of flame hits you.
* * * LOW HITPOINT WARNING * * *
The orc wizard begins to cast a cantrip, but forgets the words!
You closely miss the orc wizard.
The orc wizard is heavily wounded.
The orc wizard hits you but does no damage. x2
You hit the orc wizard.
The orc wizard is severely wounded.
The orc wizard hits you with a +0 dagger.
You die...

................## ##....#
##)#######.####.### ##...###
#)..#####.# #...# ##..#.#
##.#....#..# ###.# #..##.#
..<.......### #.# #.###.#
##..####....#####.###.# #.#
##...#####........#..# #.##
###.....######o#...## #..#
#..##.# #@#..######.#
##.##.######........##.##
###'###....#.........##..#
###.....###..#.##......###.#
##.......(.##.#.###...[.#
#.# #..⌠.....⌠..#...#
#.....# #.#
#.....8.....#.### #.....#
#.# ##._.###._.##.# #.....#
#.# #####.#####..# #######
#.#


You could see an orc wizard (fast).

Vanquished Creatures
  4 gnolls (D:3)
  3 adders (D:2)
  An adder skeleton (D:4)
  A worm (D:2)
  A leopard gecko (D:1)
  An orc (D:3)
  A ball python (D:2)
  4 bats
  4 giant cockroaches
  9 hobgoblins
  3 quokkas
  4 frilled lizards
  7 goblins
  8 kobolds
  9 rats
60 creatures vanquished.

Vanquished Creatures (others)
  A plant (D:1)
1 creature vanquished.

Grand Total: 61 creatures vanquished

Notes
Turn   | Place    | Note
-------+----------+-------------------------------------------
     0 | D:1      | Delamore the Gargoyle Fighter began the quest for the Orb.
     0 | D:1      | Reached XP level 1. HP: 14/14 MP: 1/1
   119 | D:1      | Reached XP level 2. HP: 19/19 MP: 2/2
   207 | D:1      | Reached skill level 3 in Maces & Flails
   455 | D:1      | Reached XP level 3. HP: 23/23 MP: 3/3
   896 | D:2      | Reached skill level 4 in Maces & Flails
   957 | D:2      | Reached XP level 4. HP: 27/28 MP: 4/4
  1801 | D:3      | Reached skill level 5 in Maces & Flails
  1801 | D:3      | Reached XP level 5. HP: 19/32 MP: 5/5
  1933 | D:3      | Found a glowing silver altar of Zin.
  1933 | D:3      | Found an iron altar of Okawaru.
  1940 | D:3      | Became a worshipper of Warmaster Okawaru
  2695 | D:3      | HP: 1/32 [orc wizard/puff of flame (5)]
  2697 | D:3      | Slain by an orc wizard

Illustrated notes

Levels and vault maps discovered:
D:1:      minmay_arrival_hallway, layout_basic, minmay_misc_feat_four_crosses,
          lexackson_kobold_supper
D:2:      layout_loops_ring
D:3:      layout_rooms, gammafunk_temple_overflow_pools
D:4:      layout_basic, ashenzari_conservatory_becter, kennysheep_little_box,
          minmay_checkerbox, uniq_robin

Skill      XL: |  1  2  3  4 |
---------------+-------------+-----
Maces & Flails | 3 4 5 |  5.2
Fighting       | |  3.2
Armour         | |  3.2
Shields        | |  3.2

Action                   |  1- 3 |  4- 6 || total
-------------------------+-------+-------++-------
Melee: Flail             |   106 |   125 ||   231
  Use: Potion            |       |     2 ||     2
  Eat: Chunk             |       |     6 ||     6
Armor: Scale mail        |    50 |    70 ||   120
Dodge: Dodged            |    35 |    41 ||    76
Block: Kite shield       |    50 |    67 ||   117
